 Dungeon Crawl Stone Soup version 0.14-a0-2564-g94087c3 (webtiles) character file.

410 MrRokkomies the Sneak (level 6, -9/30 HPs)
             Began as a Vine Stalker Assassin on Feb 11, 2014.
             Mangled by an iguana (12 damage)
             ... on Level 4 of the Dungeon.
             The game lasted 00:09:11 (2638 turns).

MrRokkomies the Sneak (Vine Stalker Assassin)       Turns: 2638, Time: 00:09:11

HP  -9/30        AC  4     Str 15      XL: 6   Next: 17%
MP   0/8         EV 10     Int 12      God:
Gold 150         SH 14     Dex 15      Spells:  0 memorised,  5 levels left

rFire  . . .     SeeInvis .     a - +2 dagger
rCold  . . .     Clarity  .     c - +0 robe
rNeg   . . .     Conserve .     n - +0 shield
rPois  .         rCorr    .     h - +0 helmet
rElec  .         rRot     +     d - +0 cloak
SustAb . .       Spirit   +     (no gloves)
rMut   .         Warding  .     (no boots)
Saprov . . .     Stasis   .     (no amulet)
MR     .....                    (no ring)
                                (no ring)

@: not resistant to hostile enchantments, quite stealthy
A: fangs 2, regeneration 2, magic shield, antimagic bite, no device heal
a: no special abilities


You were on level 4 of the Dungeon.
You were not hungry.

You visited 1 branch of the dungeon, and saw 4 of its levels.

You collected 150 gold pieces.

Inventory:

Hand weapons
 a - a +2,+2 dagger (weapon)
 b - a +0 blowgun
 m - a +1,+1 anti-magic whip
Missiles
 e - 17 poisoned needles
 f - 2 curare-tipped needles
 o - 12 exploding sling bullets
Armour
 c - a +0 robe (worn)
 d - a +0 cloak (worn)
 h - a +0 helmet (worn)
 n - a +0 shield (worn)
Comestibles
 g - 3 bread rations
 i - a choko
 p - a pear
Scrolls
 j - a scroll of recharging {unknown}
 q - a scroll of enchant weapon I {unknown}
 s - a scroll of fear {unknown}
 t - a scroll of magic mapping {unknown}
Potions
 k - a potion of paralysis {unknown}
 l - a potion of curing {unknown}


   Skills:
 - Level 1.7 Fighting
 * Level 3.1 Short Blades
 - Level 1.7 Throwing
 * Level 2.8 Dodging
 - Level 7.1 Stealth


You had 5 spell levels left.
You didn't know any spells.

Dungeon Overview and Level Annotations

Branches:
Dungeon (4/16)
 Temple: D:4-7

Altars:
Xom


Innate Abilities, Weirdness & Mutations

You have extremely sharp teeth.
You heal very quickly.
When hurt, damage is shared between your health and your magic reserves.
Your bite disrupts and absorbs the magic of your enemies.
Potions and wands cannot restore your HP.


Message History

* * * LOW HITPOINT WARNING * * *
The iguana bites you!
* * * LOW HITPOINT WARNING * * *
Your shield prevents you from hitting the iguana.
The iguana is severely wounded.
The iguana bites you.
* * * LOW HITPOINT WARNING * * *
You hit the iguana but do no damage. You bite the iguana, but do no damage.
The iguana is severely wounded.
You hit the iguana.
The iguana is almost dead.
You block the iguana's attack.
You hit the iguana but do no damage.
The iguana is almost dead.
The iguana closely misses you.
You closely miss the iguana.
The iguana is almost dead.
The iguana hisses menacingly.
The iguana bites you!
You die...

#≈≈# #.. #≈≈# #..# #≈≈#
#..# #.≈# #. #..# ##≈≈#
#.######..# #≈≈.#
#.........# #≈≈≈#
..........# #%≈##
#.........# #.@.#
#.........# ###l#
#.........#######.#
#.................#
#...#########''#..#+###>#
#...#..........#........#
....# .........#.....).$#
..(.# .........#........#
....# .........#.........


You could see an iguana.

Vanquished Creatures
  A centaur skeleton (D:4)
  3 orc wizards (D:3)
  A worker ant (D:4)
  3 gnolls (D:3)
  2 adders (D:3)
  A worm (D:4)
  An iguana skeleton (D:4)
  3 giant geckos (D:1)
  4 orcs (D:3)
  4 giant cockroaches
  7 goblins
  3 hobgoblins
  8 jackals
  12 kobolds
  A ball python (D:2)
  7 bats
  3 giant newts
  14 rats
78 creatures vanquished.

Notes
Turn   | Place    | Note
--------------------------------------------------------------
     0 | D:1      | MrRokkomies, the Vine Stalker Assassin, began the quest for the Orb.
     0 | D:1      | Reached XP level 1. HP: 11/11 MP: 1/1
   106 | D:1      | Reached skill level 5 in Stealth
   153 | D:1      | Reached XP level 2. HP: 9/15 MP: 3/3
   480 | D:1      | Reached XP level 3. HP: 18/18 MP: 4/4
   593 | D:2      | Reached skill level 6 in Stealth
  1530 | D:3      | Reached XP level 4. HP: 7/23 MP: 3/5
  1697 | D:3      | Found a shimmering altar of Xom.
  1740 | D:3      | Reached skill level 7 in Stealth
  1882 | D:3      | Reached skill level 1 in Dodging
  1922 | D:3      | Reached XP level 5. HP: 5/26 MP: 4/7
  2526 | D:4      | Gained mutation: You heal very quickly. [vine stalker growth]
  2526 | D:4      | Reached XP level 6. HP: 16/30 MP: 6/8
  2634 | D:4      | HP: 1/30 [iguana (1)]
  2638 | D:4      | Mangled by an iguana

Action                   |  1- 3 |  4- 6 || total
-------------------------+-------+-------++-------
Melee: Dagger            |   124 |   168 ||   292
  Use: Scroll            |     4 |     1 ||     5
 Stab: Sleeping          |    12 |     2 ||    14
       Distracted        |       |     1 ||     1
